AoeStats
← Tèdelavanda

Migration

510170629Analyzed
1v1 RM · 2d ago on Sep 29, 2026· 21m 36s· 2 players
Game mode
Random Map
Map size
132×132
Population
200
Speed
Normal
Resources
Standard
Victory
Conquest
Starting age
Dark Age
Ending age
Imperial Age
RankedLock teamsTeams togetherTeam positionsShared explorationLock speedFull tech treeHidden civsTurbo modeCheats
Victory
Defeat
🇺🇾 Varangians · Uruguay
1243
+17
🇨🇱 Britons · Chile
1265
-17
AxD | Empomeitor
11:47 Feudal Age
12:38 Double-Bit Axe
14:13 Fishing Lines
16:38 Castle Age
14:30 Fletching
16:52 Loom
17:57 Gambesons
18:12 Squires
18:38 Scale Mail Armor
19:27 Gold Mining
19:17 Horse Collar
21:01 Chain Mail Armor
20:57 Forging
Tèdelavanda
1:44 Loom
10:14 Feudal Age
17:58 Castle Age
16:30 Double-Bit Axe
17:07 Stone Mining
19:35 Wheelbarrow
19:16 Fletching
Connection lost

Rejoining the realm…

Still unreachable

The connection could not be restored.

Session expired

The server has moved on; the page needs a fresh start.